 Dungeon Crawl Stone Soup version 0.30-a0-422-g946f4849ff (webtiles) character file.

Game seed: 10356600115934169562

495 porpoise the Chopper (level 7, 0/56 HPs)
             Began as a Formicid Monk on Dec 9, 2022.
             Was a Believer of Qazlal.
             Slain by an iguana (4 damage)
             ... on level 5 of the Dungeon.
             The game lasted 00:17:33 (4649 turns).

porpoise the Chopper (Formicid Monk)                Turns: 4649, Time: 00:17:33

Health: 0/56       AC: 10    Str: 17    XL:     7   Next: 38%
Magic:  7/7        EV:  7    Int: 10    God:    Qazlal [**....]
Gold:   227        SH:  2    Dex: 16    Spells: 6/6 levels left

rFire   . . .      SeeInvis +    a - +0 war axe
rCold   . . .      Faith    .    (no shield)
rNeg    . . .      Spirit   .    g - +0 chain mail
rPois   .          Reflect  .    (helmet unavailable)
rElec   .          Harm     .    (no cloak)
rCorr   .          Rampage  .    (no gloves)
Will    +....                    l - +1 pair of boots
Stlth   ..........               (no amulet)
HPRegen 0.29/turn                s - ring of willpower
MPRegen 0.10/turn                (no ring)

@: no status effects
A: permanent stasis, dig shafts and tunnels, antennae 3, four strong arms
a: Dig, Shaft Self, Renounce Religion, Upheaval


You were on level 5 of the Dungeon.
You worshipped Qazlal.
Qazlal was pleased with you.
You visited 2 branches of the dungeon, and saw 6 of its levels.

You collected 227 gold pieces.

Inventory:

Hand Weapons
 a - a +0 war axe (weapon)
 b - a +0 sling
 w - a +0 trident
 x - a +2 rapier of draining
Missiles
 o - 4 javelins (quivered)
Armour
 g - a +0 chain mail (worn)
 l - a +1 pair of boots (worn)
Jewellery
 d - a ring of fire
 q - a ring of ice
 s - a ring of willpower (left hand)
Scrolls
 e - a scroll of silence
 f - a scroll of enchant armour
 i - a scroll of enchant weapon
 j - a scroll of magic mapping {unknown}
 k - a scroll of amnesia {unknown}
 m - a scroll of torment {unknown}
 p - a scroll of fear {unknown}
 t - a scroll of summoning {unknown}
 u - a scroll of poison {unknown}
 v - a scroll of teleportation {unknown}
Potions
 c - a potion of ambrosia
 h - a potion of magic
 n - 4 potions of mutation
 r - a potion of invisibility


   Skills:
 + Level 5.6 Fighting
 * Level 6.7 Axes
 - Level 2.6 Dodging
 - Level 2.4 Stealth


You had 6 spell levels left.
You didn't know any spells.
Your spell library contained the following spells:

 Spells                   Type           Power      Damage    Failure   Level
 Gell's Gravitas          Tloc           0%         N/A       100%        3
 Lesser Beckoning         Tloc           0%         N/A       100%        3
 Teleport Other           Tloc           0%         N/A       100%        3


Dungeon Overview and Level Annotations

Branches:
Dungeon (5/15)             Temple (1/1) D:5

Altars:
Fedhas
Nemelex Xobeh
Qazlal
Sif Muna
Vehumet
Zin

Annotations:
D:2 Sigmund
D:3 3 runed translucent doors, flotson's ghost, amateur DsDe


Innate Abilities, Weirdness & Mutations

You cannot be hasted, slowed, berserked, paralysed or teleported.
You can dig through walls and to a lower floor.
You have a pair of large antennae on your head. (SInv)
Your four strong arms can wield two-handed weapons with a shield.


Message History

You hit the scorpion but do no damage.
The scorpion is lightly wounded.
You hit the orc. You barely miss the iguana.
You feel sick. The scorpion barely misses you. The orc barely misses you.
The iguana bites you.
The scorpion stings you but does no damage.
You are too injured to fight recklessly!
Unknown command.
You slash the orc!
You kill the orc!
Qazlal accepts your kill.
You hit the iguana. You slash the scorpion!
You feel sick. The iguana barely misses you. The scorpion stings you.
You barely miss the scorpion.
The scorpion is severely wounded.
You hit the iguana.
You feel sick. The scorpion stings you. The iguana bites you.
Unknown command.
You slash the scorpion!
You kill the scorpion!
Qazlal accepts your kill.
You hit the iguana but do no damage.
You feel sick.
The iguana bites you but does no damage.
Your life force feels restored.
You hit the iguana but do no damage.
The iguana is heavily wounded.
You feel sick. The iguana bites you.
* * * LOW HITPOINT WARNING * * *
The iguana bites you but does no damage.
Unknown command.
You hit the iguana.
The iguana is severely wounded.
You feel sick.
You are no longer poisoned.
The iguana bites you!
* * * LOW HITPOINT WARNING * * *
You closely miss the iguana.
The iguana is severely wounded.
The iguana bites you.
You die...

[# #.### .#####..
.# #...### #.# .#
#.#...# #. .####
######.#########
#. ....#
.........[.......
#. ....##
#...#....####....
#. .<...# #.
#....# . .....#
#...)######
#.#.##
##.@l.....# #.#.#
#...#....# #.#.#
#...#....# #..
##..# ...# #..
#..# ##.# #..
##.. ... ##. ..
##


You could see an iguana.

Vanquished Creatures
  A black bear (D:4)
  A scorpion (D:5)
  A hound (D:4)
  An orc priest (D:5)
  Jessica (D:2)
  Terence (D:3)
  3 orc wizards (D:5)
  4 gnolls (D:5)
  3 adders
  A worm (D:2)
  A dart slug (D:1)
  10 orcs
  10 ball pythons
  7 endoplasms
  2 giant cockroaches (D:2)
  4 goblins
  8 hobgoblins
  8 jackals (D:1)
  10 kobolds
  3 quokkas
  3 bats
  A frilled lizard (D:3)
84 creatures vanquished.

Notes
Turn   | Place    | Note
-------+----------+-------------------------------------------
     0 | D:1      | porpoise the Formicid Monk began the quest for the Orb.
     0 | D:1      | Reached XP level 1. HP: 18/18 MP: 1/1
   156 | D:1      | Reached XP level 2. HP: 17/24 MP: 2/2
   521 | D:1      | Reached XP level 3. HP: 30/30 MP: 3/3
   801 | D:1      | Found a faded altar of an unknown god.
  1367 | D:2      | Noticed Jessica
  1377 | D:2      | Killed Jessica
  1378 | D:2      | Reached skill level 4 in Axes
  1378 | D:2      | Reached XP level 4. HP: 19/37 MP: 4/4
  2025 | D:2      | Noticed Sigmund
  2097 | D:3      | Noticed flotson's ghost (amateur DsDe)
  2105 | D:3      | Found a runed translucent gate.
  2105 | D:3      | Found a runed translucent gate.
  2105 | D:3      | Found a runed translucent gate.
  2402 | D:3      | Reached XP level 5. HP: 42/42 MP: 5/5
  2637 | D:3      | Noticed Terence
  2656 | D:3      | Killed Terence
  2657 | D:3      | Reached skill level 5 in Axes
  3009 | D:4      | Found a sparkling altar of Nemelex Xobeh.
  3649 | D:4      | Noticed a black bear
  3666 | D:4      | Killed a black bear
  3667 | D:4      | Reached skill level 5 in Fighting
  3667 | D:4      | Reached XP level 6. HP: 32/51 MP: 6/6
  3995 | D:5      | Entered Level 5 of the Dungeon
  4033 | D:5      | Found a staircase to the Ecumenical Temple.
  4040 | Temple   | Entered the Ecumenical Temple
  4056 | Temple   | Became a worshipper of Qazlal Stormbringer
  4056 | Temple   | Reached * piety under Qazlal
  4056 | Temple   | Reached ** piety under Qazlal
  4160 | D:5      | Reached skill level 6 in Axes
  4266 | D:5      | Reached XP level 7. HP: 15/56 MP: 7/7
  4649 | D:5      | Slain by an iguana

Illustrated notes

Levels and vault maps discovered:
D:1:      spicycebolla_arrival_xxxplode, layout_basic,
          shapermc_ecumenical_altar_flowoftime,
          nicolae_concentric_dashed_squares_mild
D:2:      layout_basic, uniq_natasha, uniq_sigmund, uniq_jessica, uniq_robin
D:3:      layout_rooms, gammafunk_ghost_split, minmay_stone_trees_small,
          glass_columns_a, uniq_terence
D:4:      layout_loops_ring, nemelex_spade_bored_becter
D:5:      minmay_recursive_quarters, layout_loops_ring,
          minmay_temple_entry_wispy
Temple:   zaba_magenta_temple

Skill      XL: |  1  2  3  4  5  6 |
---------------+-------------------+-----
Fighting       | 4 5 |  5.6
Axes           | 4 5 6 |  6.7
Dodging        | |  2.6
Stealth        | |  2.4

Action                   |  1- 3 |  4- 6 |  7- 9 || total
-------------------------+-------+-------+-------++-------
Melee: Hand axe          |    90 |   252 |    24 ||   366
       Punch             |     3 |     3 |     1 ||     7
       War axe           |       |       |    11 ||    11
Throw: Javelin           |       |     4 |       ||     4
 Abil: Dig               |       |     1 |       ||     1
  Use: Potion            |       |     3 |       ||     3
       Scroll            |       |     8 |     1 ||     9
 Stab: Sleeping          |     1 |       |       ||     1
Armor: Robe              |     3 |       |       ||     3
       Chain mail        |    57 |   122 |    12 ||   191
Dodge: Dodged            |    41 |    90 |    12 ||   143
Block: Other             |       |     4 |     3 ||     7

Table legend: (Time is in decaauts)
 A = Elapsed time spent in this place.
 B = Non-inter-level travel time spent in this place.
 C = Inter-level travel time spent in this place.
 D = Time resting spent in this place.
 E = Time spent auto-exploring this place.
 F = Levels seen in this place.
 G = Mean time per level.
                   A        B        C        D        E       F      G
               +--------+--------+--------+--------+--------+-----+--------+
         Total |   4675 |   4522 |    153 |   1258 |   2101 |   6 |  779.2 |
       Dungeon |   4646 |   4493 |    153 |   1258 |   2094 |   5 |  929.2 |
        Temple |     29 |     29 |      0 |      0 |      7 |   1 |   29.0 |
               +--------+--------+--------+--------+--------+-----+--------+

Top non-repeatable levels by time:
     D:1: 1391 daAuts
     D:4: 1083 daAuts
     D:3: 825 daAuts
     D:2: 720 daAuts
     D:5: 625 daAuts
  Temple: 29 daAuts
